 Dungeon Crawl Stone Soup version 0.28.0-45-g0d030f2227 (webtiles) character file.

Game seed: 16482871109971521166

654 Gabide the Grave Robber (level 7, -3/50 HPs)
             Began as a Mummy Necromancer on Apr 16, 2022.
             Was an Initiate of Ashenzari.
             Slain by Menkaure (16 damage)
             ... on level 5 of the Dungeon on Apr 17, 2022.
             The game lasted 00:11:11 (6827 turns).

Gabide the Grave Robber (Mummy Necromancer)         Turns: 6827, Time: 00:11:11

Health: -3/50      AC: 11    Str: 11    XL:     7   Next: 29%
Magic:  9/15       EV: 12    Int: 17    God:    Ashenzari [......]
Gold:   242        SH:  5    Dex: 12    Spells: 4/17 levels left

rFire   x . .      SeeInvis .   d - +3 dagger (drain)
rCold   + . .      Faith    .   (no shield)
rNeg    + + +      Spirit   .   o - +1 robe {Will+}
rPois   ∞          Reflect  +   (no helmet)
rElec   .          Harm     .   e - +0 cloak
rCorr   .          Rampage  .   g - +0 pair of gloves
Will    +....                   h - +1 pair of boots
Stlth   ++........              f - amulet of reflection
HPRegen 0.16/turn               b - +4 ring of protection
MPRegen 0.14/turn               (no ring)

@: no status effects
A: cold resistance 1, negative energy resistance 3, torment resistance 2, heat
vulnerability 1, no potions
a: Renounce Religion


You were on level 5 of the Dungeon.
You worshipped Ashenzari.
Ashenzari was noncommittal.
You visited 2 branches of the dungeon, and saw 6 of its levels.

You collected 242 gold pieces.

Inventory:

Hand Weapons
 c - a +0 spear
 d - a +3 dagger of draining (weapon)
Armour
 a - a +0 robe
 e - a +0 cloak (worn)
 g - a +0 pair of gloves (worn)
 h - a +1 pair of boots (worn)
 o - a +1 robe of willpower (worn)
Jewellery
 b - a +4 ring of protection (left hand)
 f - an amulet of reflection (around neck)
Wands
 l - a wand of digging (6)
 p - a wand of charming (8)
Scrolls
 i - 2 scrolls of vulnerability
 k - a scroll of brand weapon {unknown}
 m - a scroll of teleportation {unknown}
 n - a scroll of magic mapping {unknown}


   Skills:
 * Level 2.3 Fighting
 + Level 1.3 Short Blades
 * Level 3.0 Dodging
 + Level 2.2 Stealth
 + Level 0.4 Shields
 * Level 5.7 Spellcasting
 * Level 5.9 Necromancy


You had 4 spell levels left.
You knew the following spells:

 Your Spells              Type           Power      Damage    Failure   Level
a - Pain                  Necr           100%       1d9       1%          1
b - Vampiric Draining     Necr           25%        2d7       3%          3
c - Animate Dead          Necr           12%        N/A       12%         4
d - Agony                 Necr           25%        N/A       32%         5

Your spell library contained the following spells:

 Spells                   Type           Power      Damage    Failure   Level
 Animate Skeleton         Necr           50%        N/A       1%          1
 Static Discharge         Conj/Air       4%         N/A       21%         2
 Lightning Bolt           Conj/Air       2%         1d13      98%         5
 Maxwell's Capacitive Co  Air            2%         ∞         100%        8


Dungeon Overview and Level Annotations

Branches:
Dungeon (5/15)             Temple (1/1) D:5

Altars:
Ashenzari
Cheibriados
Dithmenos
Elyvilon
Gozag
Hepliaklqana
Kikubaaqudgha
Makhleb
Nemelex Xobeh
Okawaru
Qazlal
Ru
Trog
Uskayaw
Vehumet
Wu Jian
Xom
Yredelemnul
Zin
The Shining One

Shops:
D:3 !   D:4 :

Annotations:
D:5 Menkaure


Innate Abilities, Weirdness & Mutations

You are immune to poison.
Your flesh is cold resistant. (rC+)
You are immune to negative energy. (rN+++)
You are immune to unholy pain and torment.
You are vulnerable to heat. (rF-)
You do not drink.


Message History

Menkaure is severely damaged.
Menkaure breathes soot at you. Menkaure hits you!
* * * LOW HITPOINT WARNING * * *
You are too injured to fight recklessly!
You are too injured to fight recklessly!
You are too injured to fight recklessly!
You are too injured to fight recklessly!
You are too injured to fight recklessly!
You are too injured to fight recklessly!
You are too injured to fight recklessly!
You are too injured to fight recklessly!
You are too injured to fight recklessly!
You are too injured to fight recklessly!
You are too injured to fight recklessly!
You are too injured to fight recklessly!
You are too injured to fight recklessly!
You are too injured to fight recklessly!
You are too injured to fight recklessly!
You are too injured to fight recklessly!
You are too injured to fight recklessly!
You are too injured to fight recklessly!
You are too injured to fight recklessly!
You are too injured to fight recklessly!
You are too injured to fight recklessly!
You are too injured to fight recklessly!
You are too injured to fight recklessly!
You are too injured to fight recklessly!
As you read the scroll labelled KEXATE AHOTTA, it crumbles to dust.
It is a scroll of enchant weapon.
Your +2 dagger of draining glows red for a moment.
Menkaure sighs in an indecipherable tongue.
You block Menkaure's attack.
You hit Menkaure.
Menkaure is severely damaged.
Menkaure barely misses you. Menkaure closely misses you.
You hit Menkaure but do no damage.
Menkaure is severely damaged.
Menkaure hits you!
You die...

#......# #......
#......##########......
#....[.................
#....8.8.8.............
#.....⌠.⌠.÷#...........
###..8.>.8.#...........
#...⌠.⌠..#...........
#..8.8.8.............
##.M@................
#.########...##.###.
##.#### ..####.# ##
#.....# # # #.....# . #
#.....# #.# #.....# #
#.. #.....# ##....
#......# ...###


You could see Menkaure (fast).

Vanquished Creatures
  An acid dragon (D:5)
  A hornet zombie (D:5)
  A water moccasin skeleton (D:5)
  A bullfrog zombie (D:5)
  2 hounds
  An orc priest (D:5)
  2 iguanas
  3 orc wizards
  A hound skeleton (D:5)
  Robin (D:4)
  3 adders
  2 worms (D:2)
  3 dart slugs
  9 orcs
  5 ball pythons
  5 bats
  8 endoplasms
  2 giant cockroaches (D:2)
  13 goblins
  8 hobgoblins
  2 jackals (D:2)
  9 kobolds
  3 quokkas
  3 frilled lizards
  5 rats
94 creatures vanquished.

Notes
Turn   | Place    | Note
-------+----------+-------------------------------------------
     0 | D:1      | Gabide the Mummy Necromancer began the quest for the Orb.
     0 | D:1      | Reached XP level 1. HP: 13/13 MP: 4/4
   293 | D:1      | Reached XP level 2. HP: 19/19 MP: 1/5
   942 | D:2      | Reached XP level 3. HP: 24/25 MP: 1/8
  1415 | D:2      | Reached XP level 4. HP: 31/31 MP: 6/9
  1583 | D:2      | Found a faded altar of an unknown god.
  2013 | D:3      | Found an ornate altar of the Wu Jian Council.
  2399 | D:3      | Reached XP level 5. HP: 33/36 MP: 3/11
  2721 | D:3      | Found Vuibut's Distillery.
  2764 | D:3      | Found a radiant altar of Vehumet.
  2764 | D:3      | Found an iron altar of Okawaru.
  3078 | D:4      | Reached skill level 5 in Necromancy
  3261 | D:4      | Found Voeddij's Book Boutique.
  3265 | D:4      | Noticed Robin
  3284 | D:4      | Reached skill level 1 in Fighting
  3288 | D:4      | Killed Robin
  3501 | D:4      | You fall into a shaft and drop 1 floor!
  3501 | D:5      | Entered Level 5 of the Dungeon
  3517 | D:5      | Reached XP level 6. HP: 38/43 MP: 13/13
  3626 | D:5      | Learned a level 3 spell: Vampiric Draining
  3631 | D:5      | Learned a level 4 spell: Animate Dead
  3637 | D:5      | Learned a level 5 spell: Agony
  3671 | D:5      | Reached skill level 5 in Spellcasting
  3745 | D:5      | HP: 1/43 [hornet zombie (9)]
  4352 | D:4      | Reached skill level 1 in Short Blades
  6447 | D:5      | Reached XP level 7. HP: 40/50 MP: 9/15
  6565 | D:5      | Found a staircase to the Ecumenical Temple.
  6579 | Temple   | Entered the Ecumenical Temple
  6761 | Temple   | Became a worshipper of Ashenzari the Shackled
  6793 | D:5      | Noticed Menkaure
  6827 | D:5      | Slain by Menkaure

Illustrated notes

Levels and vault maps discovered:
D:1:      sevenhm_arrival_forest_fort_small_6, layout_loops_ring,
          minmay_octomino_e4
D:2:      minmay_spotlight, layout_loops_ring,
          shapermc_ecumenical_altar_mp_highgroup
D:3:      layout_basic, gammafunk_temple_overflow_wave,
          chequers_temple_overflow_statue_of_worship, serial_shops,
          nicolae_diamond_shop, st_stairs_4, amcnicky_mini_corridor_feature
D:4:      layout_rooms, serial_shops, shop_statue, uniq_robin
D:5:      layout_rooms, minmay_temple_entry_statues_fountains,
          kennysheep_crisscross, uniq_menkaure
Temple:   regret_index_temple_sphere_string

Skill      XL: |  1  2  3  4  5  6  7 |
---------------+----------------------+-----
Spellcasting   | 3 4 5 |  5.7
Dodging        | 2 3 |  3.0
Necromancy     | 5 |  5.9
Fighting       | 1 2 |  2.3
Stealth        | 2 |  2.2
Short Blades   | 1 |  1.3
Shields        | |  0.4

Action                   |  1- 3 |  4- 6 |  7- 9 || total
-------------------------+-------+-------+-------++-------
Melee: Dagger            |     9 |   132 |    16 ||   157
 Cast: Pain              |    59 |   113 |    10 ||   182
       Vampiric Draining |       |     5 |     1 ||     6
  Use: Scroll            |       |     1 |     1 ||     2
 Stab: Sleeping          |       |     2 |       ||     2
Armor: Robe              |     6 |    68 |     3 ||    77
Dodge: Dodged            |     5 |    62 |     9 ||    76
Block: Other             |     4 |    35 |     9 ||    48
       Reflection        |       |     1 |     1 ||     2
